 Dungeon Crawl Stone Soup version 0.30-a0-728-gc68057be0a (webtiles) character file.

Game seed: 3870433406329068471

52 Newt the Sneak (level 3, -3/27 HPs)
             Began as a Demonspawn Gladiator on Jan 31, 2023.
             Was an Initiate of Okawaru.
             Slain by a gnoll sergeant
             ... wielding a +1 spear of venom
              (6 damage)
             ... on level 2 of the Dungeon.
             The game lasted 00:02:26 (1904 turns).

Newt the Sneak (Demonspawn Gladiator)               Turns: 1904, Time: 00:02:26

Health: -3/27      AC:  4    Str: 13 (14) XL:     3   Next: 60%
Magic:  3/3        EV: 12    Int: 11      God:    Okawaru [......]
Gold:   133        SH:  4    Dex: 17 (20) Spells: 2/2 levels left

rFire   . . .      SeeInvis +    a - +1 rapier
rCold   . . .      Faith    .    (no shield)
rNeg    . . .      Spirit   .    b - +0 leather armour
rPois   .          Reflect  .    c - +0 helmet
rElec   .          Harm     .    (no cloak)
rCorr   .          Rampage  .    (no gloves)
Will    .....                    (no boots)
Stlth   +++                      (no amulet)
HPRegen 0.24/turn                i - ring "Idaemaq" {Dex+4 SInv Stlth+}
MPRegen 0.08/turn                (no ring)

@: lethally poisoned (-3 -> -10)
A: big brain 1, condensation shield
a: Renounce Religion


You were on level 2 of the Dungeon.
You worshipped Okawaru.
Okawaru was noncommittal.
You visited 1 branch of the dungeon, and saw 3 of its levels.

You collected 133 gold pieces.

Inventory:

Hand Weapons
 a - a +1 rapier (weapon)
Missiles
 f - a poisoned dart (quivered)
Armour
 b - a +0 leather armour (worn)
 c - a +0 helmet (worn)
Jewellery
 i - the ring "Idaemaq" (left hand) {Dex+4 SInv Stlth+}
   (You acquired it on level 2 of the Dungeon)

   [ring of see invisible]

   Dex:       It affects your dexterity (+4).
   SInv:      It lets you see invisible.
   Stlth:     It makes you more stealthy.
Wands
 j - a wand of flame (3)
Scrolls
 h - a scroll of identify
 l - a scroll of blinking {unknown}
 p - a scroll of immolation {unknown}
 q - a scroll of summoning {unknown}
Potions
 g - a potion of haste
 k - a potion of brilliance
 m - a potion of degeneration


   Skills:
 - Level 2.0 Fighting
 - Level 2.6 Short Blades
 - Level 1.7 Throwing
 - Level 2.6 Dodging
 + Level 3.3 Stealth


You had 2 spell levels left.
You didn't know any spells.
Your spell library contained the following spells:

 Spells                   Type           Power      Damage    Failure   Level
 Foxfire                  Conj/Fire      0%         2x1d4     41%         1
 Fireball                 Conj/Fire      0%         3d3       100%        5
 Starburst                Conj/Fire      0%         6d3       100%        6


Dungeon Overview and Level Annotations

Branches:
Dungeon (3/15)

Altars:
Okawaru

Shops:
D:3 =


Innate Abilities, Weirdness & Mutations

You have an unusually large brain. (Int +2)
A meltable shield of frost defends you. (SH +4)


Message History

You catch the helpless gnoll sergeant completely off-guard!
You hit the gnoll sergeant.
The gnoll sergeant is moderately wounded.
You feel sick.
The gnoll sergeant struggles against the net.
You hit the gnoll sergeant but do no damage.
The gnoll sergeant is moderately wounded.
You feel sick.
The gnoll sergeant struggles against the net. x2
You hit the gnoll sergeant but do no damage.
The gnoll sergeant is moderately wounded.
You feel sick.
The gnoll sergeant struggles against the net.
The net rips apart, and the gnoll sergeant comes free!
You hit the gnoll sergeant.
The gnoll sergeant is heavily wounded.
You feel sick.
You are no longer poisoned.
The gnoll sergeant hits you with a +1 spear of venom.
You are lethally poisoned!
Throw: javelin
Press: ? - help, Shift-Dir - straight line, f/p - gnoll sergeant
Aim: a gnoll sergeant, wielding a +1 spear of venom and wearing a +0 scale mail (heavily wounded, 68% to hit)
You throw a javelin.
The javelin barely misses the gnoll sergeant.
* * * LOW HITPOINT WARNING * * *
You feel very sick.
The gnoll sergeant hits you with a +1 spear of venom.
* * * LOW HITPOINT WARNING * * *
Throw: 2 darts (poison)
Press: ? - help, Shift-Dir - straight line, f/p - gnoll sergeant
Aim: a gnoll sergeant, wielding a +1 spear of venom and wearing a +0 scale mail (heavily wounded, 68% to hit)
You throw a poisoned dart.
The poisoned dart hits the gnoll sergeant.
The gnoll sergeant is poisoned.
The gnoll sergeant is heavily wounded.
* * * LOW HITPOINT WARNING * * *
You feel sick.
The gnoll sergeant hits you with a +1 spear of venom.
You die...

#..## #.# #.##
##########.# ##.##
###.<........#
#...######.....########
## #.......##.#.#.#
.####...###......#.#
...###### ####.###.#
....# #.###.# ....#
#(g@..# )...# #######
...##### .......#
######.# #.# ######.#
#...)..# #.####.#


You could see a gnoll sergeant (poisoned).

Vanquished Creatures
  Jessica (D:3)
  2 dart slugs
  An orc (D:3)
  2 ball pythons (D:2)
  An endoplasm (D:1)
  2 giant cockroaches
  A goblin (D:3)
  A hobgoblin (D:1)
  4 kobolds
  3 bats
  2 rats (D:1)
20 creatures vanquished.

Notes
Turn   | Place    | Note
-------+----------+-------------------------------------------
     0 | D:1      | Newt the Demonspawn Gladiator began the quest for the Orb.
     0 | D:1      | Reached XP level 1. HP: 16/16 MP: 1/1
   104 | D:1      | Reached skill level 1 in Stealth
   753 | D:1      | Gained mutation: A meltable shield of frost defends you.
                  | (SH +4) [demonic ancestry]
   753 | D:1      | Reached XP level 2. HP: 19/22 MP: 2/2
   945 | D:2      | Identified a scroll of acquirement
   945 | D:2      | Acquired the ring "Idaemaq" {Dex+4 SInv Stlth+}
  1025 | D:2      | Found an iron altar of Okawaru.
  1207 | D:2      | Reached skill level 2 in Stealth
  1479 | D:2      | Became a worshipper of Warmaster Okawaru
  1685 | D:3      | Found Caobampe's Jewellery Shop.
  1687 | D:3      | Noticed Jessica
  1698 | D:3      | HP: 1/22 [Jessica/puff of flame (5)]
  1700 | D:3      | Killed Jessica
  1701 | D:3      | Reached skill level 3 in Stealth
  1701 | D:3      | Gained mutation: You have an unusually large brain. (Int
                  | +2) [demonic ancestry]
  1701 | D:3      | Reached XP level 3. HP: 12/27 MP: 3/3
  1831 | D:3      | Noticed a gnoll sergeant
  1904 | D:2      | Slain by a gnoll sergeant

Illustrated notes

Levels and vault maps discovered:
D:1:      grunt_arrival_lava_bath, layout_basic, serial_curves, eino_curves_03,
          eino_curves_04, eino_curves_03
D:2:      layout_loops_cross, basic_altar
D:3:      layout_basic, ebering_ecumenical_altar_sacrificial, serial_shops,
          nicolae_shop_advertising_works [nicolae_subvault_shop_adworks],
          uniq_jessica

Skill      XL: |  1  2 |
---------------+-------+-----
Stealth        | 1 3 |  3.3
Fighting       | |  2.0
Short Blades   | |  2.6
Throwing       | |  1.7
Dodging        | |  2.6

Action                     || total
---------------------------++-------
  Melee: Rapier            ||    62
  Throw: Throwing net      ||     4
         Dart              ||     1
         Javelin           ||     1
    Use: Scroll            ||     9
         Potion            ||     4
   Stab: Sleeping          ||     4
         Held in net/web   ||     1
 Armour: Leather armour    ||    10
  Dodge: Dodged            ||    23
  Block: Other             ||     4

Table legend: (Time is in decaauts)
 A = Elapsed time spent in this place.
 B = Non-inter-level travel time spent in this place.
 C = Inter-level travel time spent in this place.
 D = Time resting spent in this place.
 E = Time spent auto-exploring this place.
 F = Levels seen in this place.
 G = Mean time per level.
                   A        B        C        D        E       F      G
               +--------+--------+--------+--------+--------+-----+--------+
         Total |   1907 |   1811 |     96 |     58 |   1477 |   3 |  635.7 |
       Dungeon |   1907 |   1811 |     96 |     58 |   1477 |   3 |  635.7 |
               +--------+--------+--------+--------+--------+-----+--------+

Top non-repeatable levels by time:
     D:1: 811 daAuts
     D:2: 750 daAuts
     D:3: 345 daAuts
